 Dungeon Crawl Stone Soup version 0.26-a0-478-g6c97825307 (webtiles) character file.

Game seed: 9827597727106146632

4611 DeltaSign the Fighter (level 10, 0/141 HPs)
             Began as a Minotaur Berserker on July 31, 2020.
             Was a High Priest of Trog.
             Slain by Joseph
             ... wielding a +0 quarterstaff
              (5 damage)
             ... on level 8 of the Dungeon.
             The game lasted 00:10:58 (7292 turns).

DeltaSign the Fighter (Minotaur Berserker)          Turns: 7292, Time: 00:10:59

Health: 0/141      AC: 14    Str: 22    XL:     10   Next: 19%
Magic:  9/9        EV:  9    Int:  4    God:    Trog [*****.]
Gold:   318        SH:  0    Dex: 13    Spells: 9/9 levels left

rFire    . . .     SeeInvis +   t - +0 war axe
rCold    . . .     Faith    +   (no shield)
rNeg     . . .     Spirit   .   r - +0 chain mail
rPois    .         Reflect  .   (helmet restricted)
rElec    .         Harm     .   d - +0 cloak
rCorr    .                      m - +0 pair of gloves
MR       .....                  (no boots)
Stlth    ..........             k - amulet of faith
HPRegen  0.33/turn              q - ring of see invisible
MPRegen  0.11/turn              (no ring)

@: berserking, very quick
A: retaliatory headbutt, horns 2
a: Berserk, Trog's Hand, Brothers in Arms, Renounce Religion


You were on level 8 of the Dungeon.
You worshipped Trog.
Trog was extremely pleased with you.
You visited 1 branch of the dungeon, and saw 8 of its levels.

You collected 318 gold pieces.

Inventory:

Hand Weapons
 t - a +0 war axe (weapon)
Armour
 d - a +0 cloak (worn)
 m - a +0 pair of gloves (worn)
 r - a +0 chain mail (worn)
Jewellery
 k - an amulet of faith (around neck)
 q - a ring of see invisible (left hand)
Wands
 l - a wand of disintegration (8)
 s - a wand of iceblast (5)
 w - a wand of random effects (14)
 x - a wand of flame (9)
 z - a wand of polymorph (7)
Scrolls
 b - 3 scrolls of immolation
 c - 3 scrolls of remove curse
 i - 5 scrolls of teleportation
 j - 3 scrolls of fear
 o - 2 scrolls of fog
 y - a scroll of magic mapping
Potions
 e - a potion of mutation
 f - a potion of lignification {unknown}
 g - a potion of resistance {unknown}
 h - 4 potions of flight
 n - a potion of ambrosia {unknown}
 p - 2 potions of might
 u - a potion of stabbing {unknown}
 v - a potion of invisibility {unknown}


   Skills:
 + Level 10.9 Fighting
 + Level 10.8 Axes
 + Level 10.5 Armour
 - Level 2.1 Dodging


You had 9 spell levels left.
You didn't know any spells.
Your spell library was empty.

Dungeon Overview and Level Annotations

Branches:
Dungeon (8/15)             Temple (0/1) D:5
   Lair: D:8-11

Altars:
Dithmenos
Fedhas
Gozag
Hepliaklqana
Nemelex Xobeh
Okawaru
Qazlal
Uskayaw
Wu Jian
Xom
Yredelemnul

Annotations:
D:5 1 runed translucent door
D:8 Joseph


Innate Abilities, Weirdness & Mutations

You reflexively headbutt those who attack you in melee.
You have a pair of horns on your head.


Message History

The wyvern skeleton bites you but does no damage.
The orc hits you but does no damage. The sky beast barely misses you.
You completely miss the sky beast. Your headbutt misses the sky beast.
You barely miss Joseph. You hit the wyvern skeleton. You slash the orc!
You kill the orc!
Trog accepts your kill.
The wyvern skeleton bites you but does no damage.
Your chain mail prevents you from hitting Joseph.
You headbutt Joseph.
Joseph is lightly wounded.
You hit the sky beast. You slice the wyvern skeleton!!
You destroy the wyvern skeleton!
Trog accepts your kill. The sky beast hits you.
* * * LOW HITPOINT WARNING * * *
The sky beast shocks you.
* * * LOW HITPOINT WARNING * * *
Joseph unwields a +0 hunting sling.
Joseph wields a +0 quarterstaff.
Joseph hits you with a +0 quarterstaff.
You die...

P.. .........# ...
.........# .. P...
........##.. ...
...........
#.##.#......# .
#....#.....# .
#.##....#†....##..
#......<..........
..##....(†@)......
#..#.....@Y.......
.......(.........#
..##.....((†###.##
............# ..
...#..<.....# #
..............
##....##...#..#
#..## ##.......


You could see Joseph and a sky beast.

Vanquished Creatures
  Maggie (D:6)
  Sigmund (D:2)
  2 wyverns
  4 yaks (D:5)
  Duvessa (D:4)
  3 ice beasts
  3 sky beasts
  An orc warrior (D:3)
  A phantom (D:6)
  4 ogres
  2 centaurs
  2 big kobolds
  5 bullfrogs
  Dowan (D:4)
  A water moccasin zombie (D:7)
  A wyvern skeleton (D:8)
  3 scorpions
  3 howler monkeys
  2 bullfrog zombies (D:5)
  A bullfrog skeleton (D:5)
  A human zombie (D:5)
  6 orc priests
  5 hounds
  An iguana (D:2)
  4 orc wizards
  4 worker ants
  A killer bee zombie (D:5)
  2 hound skeletons
  2 howler monkey skeletons (D:6)
  13 adders
  A shadow imp (D:7)
  2 white imps
  2 ufetubi
  2 oozes (D:2)
  An adder skeleton (D:5)
  A worm (D:4)
  3 dart slugs
  7 leopard geckos
  25 orcs
  2 ball pythons
  7 giant cockroaches
  8 hobgoblins
  13 jackals
  16 kobolds
  7 quokkas
  8 bats
  8 frilled lizards
  7 goblins
  7 rats
208 creatures vanquished.

Vanquished Creatures (others)
  2 fungi (D:8)
2 creatures vanquished.

Grand Total: 210 creatures vanquished

Notes
Turn   | Place    | Note
-------+----------+-------------------------------------------
     0 | D:1      | DeltaSign the Minotaur Berserker began the quest for the
                  | Orb.
     0 | D:1      | Reached XP level 1. HP: 19/19 MP: 0/0
   111 | D:1      | Reached XP level 2. HP: 17/27 MP: 1/1
   762 | D:1      | Reached XP level 3. HP: 33/33 MP: 2/2
   860 | D:1      | Reached ** piety under Trog
  1121 | D:2      | Noticed a centaur
  1127 | D:2      | Killed a centaur
  1127 | D:2      | Reached XP level 4. HP: 24/41 MP: 3/3
  1147 | D:2      | Noticed Sigmund
  1156 | D:2      | Killed Sigmund
  1156 | D:2      | Reached skill level 5 in Fighting
  1156 | D:2      | Reached skill level 5 in Axes
  1156 | D:2      | Reached XP level 5. HP: 40/49 MP: 4/4
  1156 | D:2      | Reached XP level 6. HP: 47/56 MP: 5/5
  1359 | D:2      | Reached skill level 5 in Armour
  1767 | D:2      | Found a sparkling altar of Nemelex Xobeh.
  1770 | D:2      | Found an ornate altar of the Wu Jian Council.
  1770 | D:2      | Found a white marble altar of Elyvilon.
  1778 | D:2      | Found a shimmering altar of Xom.
  1778 | D:2      | Found a hazy altar of Hepliaklqana.
  1778 | D:2      | Found a shimmering altar of Xom.
  2181 | D:3      | Reached *** piety under Trog
  2222 | D:3      | Found a hazy altar of Hepliaklqana.
  2275 | D:3      | Noticed an orc warrior
  2282 | D:3      | Killed an orc warrior
  2282 | D:3      | Reached XP level 7. HP: 39/64 MP: 6/6
  3328 | D:4      | Noticed Duvessa
  3332 | D:4      | Noticed Dowan
  3341 | D:4      | Killed Duvessa
  3343 | D:4      | Killed Dowan
  3343 | D:4      | Reached **** piety under Trog
  3547 | D:4      | Reached XP level 8. HP: 73/73 MP: 7/7
  3903 | D:4      | Found a faded altar of an unknown god.
  3903 | D:4      | Found an ornate altar of the Wu Jian Council.
  3908 | D:4      | Found a faded altar of an unknown god.
  3910 | D:4      | Found a shadowy altar of Dithmenos.
  3911 | D:4      | Found a basalt altar of Yredelemnul.
  4348 | D:5      | Entered Level 5 of the Dungeon
  4375 | D:5      | Found a staircase to the Ecumenical Temple.
  4622 | D:5      | Reached XP level 9. HP: 59/83 MP: 8/8
  4899 | D:5      | Found a runed translucent door.
  4900 | D:5      | Found a basalt altar of Yredelemnul.
  4943 | D:5      | Found a blossoming altar of Fedhas.
  5263 | D:6      | Reached ***** piety under Trog
  5662 | D:6      | Noticed Maggie
  5687 | D:6      | Killed Maggie
  5841 | D:6      | Reached skill level 10 in Fighting
  5841 | D:6      | Reached skill level 10 in Axes
  6327 | D:6      | Found an opulent altar of Gozag.
  6485 | D:7      | Reached skill level 10 in Armour
  6489 | D:7      | Found a hide-covered altar of Uskayaw.
  6491 | D:7      | Found a stormy altar of Qazlal.
  6491 | D:7      | Found a sparkling altar of Nemelex Xobeh.
  6491 | D:7      | Found an iron altar of Okawaru.
  6696 | D:7      | Reached XP level 10. HP: 72/94 MP: 9/9
  7270 | D:8      | Noticed Joseph
  7292 | D:8      | HP: 5/141 [sky beast (5)]
  7292 | D:8      | Slain by Joseph

Illustrated notes

Levels and vault maps discovered:
D:1:      evilmike_arrival_hilbert_curve, layout_loops_ring, grunt_decor_cap
D:2:      layout_basic, doesnt_xom_only_xom, uniq_sigmund
D:3:      layout_basic, lemuel_crystal_altar
D:4:      layout_basic, chequers_temple_overflow_minitemple,
          corexii_corridor_pit, uniq_duvessa
D:5:      layout_rooms, kennysheep_mini_moat, minmay_temple_entry_stoned_glass,
          hangedman_decor_diamond_cutter, dk_yredelemnul_ordeal
D:6:      layout_cave_pods, lemuel_coloured_pillars_altar, uniq_maggie
D:7:      layout_basic, grunt_temple_overflow_open
D:8:      layout_rooms, kennysheep_mini, due_lair_maze_entry_diamond,
          special_room [special_room_orc], lightli_minifort, uniq_joseph

Skill      XL: |  1  2  3  4  5  6  7  8  9 |
---------------+----------------------------+-----
Fighting       | 4 5 6 7 9 10 | 10.9
Axes           | 4 5 6 7 9 10 | 10.8
Armour         | 3 4 5 6 8 10 | 10.5
Dodging        | |  2.1

Action                   |  1- 3 |  4- 6 |  7- 9 | 10-12 || total
-------------------------+-------+-------+-------+-------++-------
Melee: Hand axe          |    69 |   107 |    23 |       ||   199
       Headbutt          |     9 |    20 |    68 |    11 ||   108
       War axe           |       |       |   241 |    50 ||   291
Invok: Berserk           |       |     1 |     5 |     1 ||     7
  Use: Scroll            |       |     3 |     5 |     3 ||    11
Armor: Animal skin       |     7 |       |       |       ||     7
       Ring mail         |    17 |    32 |     3 |       ||    52
       Chain mail        |       |       |   113 |    34 ||   147
Dodge: Dodged            |    45 |    91 |   116 |    33 ||   285

Table legend: (Time is in decaauts)
 A = Elapsed time spent in this place.
 B = Non-inter-level travel time spent in this place.
 C = Inter-level travel time spent in this place.
 D = Time resting spent in this place.
 E = Time spent auto-exploring this place.
 F = Levels seen in this place.
 G = Mean time per level.
                   A        B        C        D        E       F      G
               +--------+--------+--------+--------+--------+-----+--------+
         Total |   7370 |   7085 |    285 |   1236 |   4814 |   8 |  921.2 |
       Dungeon |   7370 |   7085 |    285 |   1236 |   4814 |   8 |  921.2 |
               +--------+--------+--------+--------+--------+-----+--------+

Top non-repeatable levels by time:
     D:4: 1422 daAuts
     D:6: 1180 daAuts
     D:1: 1080 daAuts
     D:3: 969 daAuts
     D:2: 942 daAuts
     D:5: 898 daAuts
     D:7: 843 daAuts
     D:8: 32 daAuts
